 Dungeon Crawl Stone Soup version 0.29.1-12-g30fa7ad0bf (webtiles) character file.

Game seed: 8601156760486372034

144 bubby the Magician (level 5, 0/38 HPs)
             Began as a Djinni Ice Elementalist on Jan 15, 2023.
             Slain by a gnoll
             ... wielding a +2 halberd of venom
              (10 damage)
             ... on level 3 of the Dungeon.
             The game lasted 00:13:19 (3708 turns).

bubby the Magician (Djinni Ice Elementalist)        Turns: 3708, Time: 00:13:20

Health: 0/38       AC:  2    Str:  7    XL:     5   Next: 51%
Gold:   122        EV: 17    Int: 18    God:
                   SH:  0    Dex: 14

rFire   + + .      SeeInvis .   k - +0 short sword (venom)
rCold   x . .      Faith    .   (no shield)
rNeg    . . .      Spirit   .   a - +0 robe
rPois   ∞          Reflect  .   (no helmet)
rElec   .          Harm     .   (no cloak)
rCorr   .          Rampage  .   (no gloves)
Will    .....                   (boots unavailable)
Stlth   ++........              (no amulet)
HPRegen 0.12/turn               e - +4 ring of evasion
MPRegen 0.00/turn               (no ring)

@: flying
A: sickness immunity, fire resistance 2, cold vulnerability 1, float, innate
caster, HP casting, extra vitality 1
a: no special abilities


You were on level 3 of the Dungeon.
You visited 1 branch of the dungeon, and saw 3 of its levels.

You collected 122 gold pieces.

Inventory:

Hand Weapons
 b - a +0 spear
 i - a +0 dagger
 k - a +0 short sword of venom (weapon)
Armour
 a - a +0 robe (worn)
 c - a +0 chain mail
Magical Staves
 l - a staff of poison
 m - a staff of fire
Jewellery
 e - a +4 ring of evasion (left hand)
Scrolls
 g - 2 scrolls of blinking {unknown}
 h - a scroll of amnesia {unknown}
 j - 5 scrolls of identify {unknown}
 o - a scroll of butterflies {unknown}
Potions
 d - a potion of degeneration {unknown}
 f - 3 potions of curing {unknown}
 n - a potion of lignification {unknown}
 p - 3 potions of haste {unknown}
 q - a potion of cancellation {unknown}


   Skills:
 + Level 2.0 Fighting
 + Level 3.3 Dodging
 + Level 2.6 Stealth
 * Level 3.8 Spellcasting


You couldn't memorise any spells.
You knew the following spells:

 Your Spells              Type           Power      Damage    Failure   Level
a - Freeze                Ice            68%        1d8       3%          1
b - Frozen Ramparts       Ice            34%        1d6       9%          3
c - Ozocubu's Armour      Ice            17%        N/A       9%          3
d - Hailstorm             Conj/Ice       17%        3d6       30%         4
e - Summon Small Mammal   Summ           68%        N/A       3%          1
f - Ensorcelled Hibernat  Hex/Ice        34%        N/A       4%          2
Your spell library was empty.

Dungeon Overview and Level Annotations

Branches:
Dungeon (3/15)

Altars:

Shops:
D:1 (?!!:


Innate Abilities, Weirdness & Mutations

You are immune to sickness and miasma.
You are immune to poison.
Your flesh is very heat resistant. (rF++)
You are vulnerable to cold. (rC-)
You float through the air rather than walking.
You learn spells naturally, not from books.
Your magical power is your life essence.
You have superior vitality. (+4 MHP)


Message History

You freeze the gnoll.
The gnoll is severely wounded.
The gnoll closely misses you.
You freeze the gnoll.
The gnoll is severely wounded.
The gnoll completely misses you. The gnoll hits you with a +0 flail!
You are too injured to fight recklessly!
The gnoll attacks as you move away! The gnoll hits you with a +0 flail.
The gnoll misses you.
Casting: Freeze (safe; 3% risk of failure)
Confirm with . or Enter, or press ? or * to list all spells.
Aiming: Freeze (safe; 3% risk of failure)
Press: ? - help, Shift-Dir - straight line, f/p - gnoll
Aim: a gnoll, wielding a +0 flail (severely wounded)
You freeze the gnoll!
You kill the gnoll!
* * * LOW HITPOINT WARNING * * *
The gnoll misses you. The gnoll barely misses you.
Things that are here:
a +0 flail; a gnoll corpse
Casting: Freeze (safe; 3% risk of failure)
Confirm with . or Enter, or press ? or * to list all spells.
Aiming: Freeze (safe; 3% risk of failure)
Press: ? - help, Shift-Dir - straight line, f - gnoll
Aim: a gnoll, wielding a +2 halberd of venom You freeze the gnoll!
The gnoll is heavily wounded.
* * * LOW HITPOINT WARNING * * *
The gnoll completely misses you.
Casting: Freeze (safe; 3% risk of failure)
Confirm with . or Enter, or press ? or * to list all spells.
Aiming: Freeze (safe; 3% risk of failure)
Press: ? - help, Shift-Dir - straight line, f/p - gnoll
Aim: a gnoll, wielding a +2 halberd of venom (heavily wounded)
You freeze the gnoll.
The gnoll is severely wounded.
* * * LOW HITPOINT WARNING * * *
The gnoll hits you with a +2 halberd of venom!
You die...

#.########g..####......#
#.......
............#####......#
#.######
#...........g..........#
#.#...#
###########.##.........#
#.#.#.#
.........##.##.####....#
#.#.#.#
########.##.##.#.......#
#.....#
#.##......###...#
#.#.####
#.#####.#.g.....#
#.#..... #.#
#.#@####..########## #.#
#.#.# #............
###.#####.#.#
#.###########
#.......#.#.# #.).....#
#.#.###.#.#.# #######.#
#.#.# #.#.#.# #.# #.#.#
#.#.#.# #.# #.#<#
#.#.#.# #.# #.#.#
#.#.#.# #.#


You could see a gnoll.

Vanquished Creatures
  3 gnolls
  6 adders
  A worm (D:2)
  2 dart slugs (D:2)
  5 ball pythons
  6 endoplasms
  3 giant cockroaches
  8 goblins
  4 hobgoblins
  5 kobolds
  2 quokkas (D:3)
  4 bats
  3 frilled lizards
  3 rats
55 creatures vanquished.

Notes
Turn   | Place    | Note
-------+----------+-------------------------------------------
     0 | D:1      | bubby the Djinni Ice Elementalist began the quest for the
                  | Orb.
     0 | D:1      | bubby set off with the following spells memorised: Freeze,
                  | Frozen Ramparts, Ozocubu's Armour, Hailstorm.
     0 | D:1      | Reached XP level 1. HP: 15/15 MP: 0/0
    69 | D:1      | Found Ryuxkapo's Weapon Boutique.
   234 | D:1      | Reached XP level 2. HP: 15/22 MP: 0/0
   573 | D:1      | Found Siups's Distillery.
   617 | D:1      | Found Wetsuun's Book Shop.
   627 | D:1      | Found Aruamuur's Distillery.
  1105 | D:1      | Reached skill level 1 in Fighting
  1105 | D:1      | Reached XP level 3. HP: 23/27 MP: 0/0
  1105 | D:1      | Learned a level 1 spell: Summon Small Mammal
  1189 | D:1      | Found Onazxoal's Magic Scroll Shoppe.
  1734 | D:2      | Reached XP level 4. HP: 17/32 MP: 0/0
  2073 | D:2      | Found a faded altar of an unknown god.
  2692 | D:3      | Reached XP level 5. HP: 37/38 MP: 0/0
  2692 | D:3      | Learned a level 2 spell: Ensorcelled Hibernation
  3708 | D:3      | Slain by a gnoll

Illustrated notes

Levels and vault maps discovered:
D:1:      evilmike_arrival_rings, layout_loops_cross, serial_shops,
          nicolae_shop_stone, shop, nicolae_shop_bloodbath_and_beyond,
          nicolae_shop_hallway_stairs, nicolae_shop_competitors_out_of_business
D:2:      minmay_skewed_foursquare, layout_loops_cross, basic_ecumenical_altar
D:3:      layout_basic

Skill      XL: |  1  2  3  4  5 |
---------------+----------------+-----
Fighting       | 1 2 |  2.0
Stealth        | 2 |  2.6
Dodging        | 3 |  3.3
Spellcasting   | |  3.8

Action                   |  1- 3 |  4- 6 || total
-------------------------+-------+-------++-------
Melee: Spear             |     5 |       ||     5
       Dagger            |     5 |       ||     5
       Short sword       |     9 |     6 ||    15
 Cast: Freeze            |    41 |    41 ||    82
       Summon Small Mamm |     2 |     8 ||    10
 Stab: Sleeping          |     7 |     3 ||    10
Armor: Robe              |     8 |     1 ||     9
Dodge: Dodged            |    33 |    34 ||    67
